[Event "Titled Tuesday Blitz December 27 Early 2022"]
[White "Hardaway, Brewington"]
[Black "Ronka, Erik"]
[WhiteFideId "30941849"]
[BlackFideId "505080"]
[WhiteElo "2363"]
[BlackElo "2276"]
[Result "0-1"]
[Round "06"]
[TimeControl "180+2"]
[Date "2022.12.27"]
[WhiteClock "0:00:08"]
[BlackClock "0:00:12"]

1. Nf3 f5 2. d4 e6 3. c4 Nf6 4. Nc3 Bb4 5. g3 Bxc3+ 6. bxc3 b6 7. Bg2 Bb7 8. O-O O-O 9. a4 Ne4 10. Qc2 Nc6 11. Nd2 d5 12. cxd5 exd5 13. e3 Ba6 14. Re1 Na5 15. Ba3 Re8 16. Nf3 Nc4 17. Bf1 Bb7 18. Bc1 g5 19. Bxc4 dxc4 20. Ne5 Rxe5 21. dxe5 g4 22. Ba3 Qd5 23. Red1 Qc6 24. Rd4 Nd2 25. e4 Nxe4 26. Qe2 Nd2 27. f3 Nxf3+ 28. Kf2 Nxd4 29. cxd4 Rd8 30. Qd2 Qf3+ 31. Kg1 h6 32. Rf1 Qh1+ 33. Kf2 Qxh2+ 34. Ke1 Qxg3+ 35. Kd1 Qxa3 36. Qxh6 Qd3+ 37. Ke1 Qe4+ 38. Kf2 Qxd4+ 39. Kg3 Qd3+ 40. Kh4 Qh3+ 41. Kg5 Qxh6+ 42. Kxh6 Be4 43. e6 Kf8 44. Rc1 Ke7 45. Rxc4 c5 46. a5 Kxe6 47. axb6 axb6 48. Ra4 Ke5 49. Ra7 b5 50. Re7+ Kd4 51. Kg5 b4 52. Kf4 Kc3 53. Re5 c4 54. Ra5 b3 55. Ra1 b2 56. Re1 b1=Q 57. Re3+ Kb4 58. Kg5 c3 59. Rg3 c2 60. Kg6 c1=Q 61. Rxg4 fxg4+ 62. Kf6 Qc6+ 63. Ke5 Qd5+ 64. Kf6 Qf5+ 65. Kg7 Qb2+ 66. Kh6 Qh8# 0-1


[Site "https://www.chess.com"]

[Event "Titled Tuesday Blitz December 27 Early 2022"]
[White "Hartikainen, Jarmo"]
[Black "Najdin, Danil"]
[WhiteFideId "503134"]
[BlackFideId "4172426"]
[WhiteElo "2108"]
[BlackElo "2235"]
[Result "0-1"]
[Round "06"]
[TimeControl "180+2"]
[Date "2022.12.27"]
[WhiteClock "0:00:02"]
[BlackClock "0:00:03"]

1. e4 g6 2. d4 Bg7 3. Nc3 c6 4. h4 h5 5. e5 d6 6. f4 Nh6 7. Nf3 Bg4 8. Be2 Nf5 9. Ne4 dxe5 10. dxe5 Qxd1+ 11. Bxd1 Na6 12. c3 O-O-O 13. Kf2 Nxh4 14. Be3 Nf5 15. Bxa7 Bh6 16. g3 Kc7 17. Be3 Nxe3 18. Kxe3 f6 19. exf6 e5 20. Nxe5 Be6 21. Bf3 Rhf8 22. Rhd1 Rxd1 23. Rxd1 Bf5 24. b4 Nb8 25. f7 Nd7 26. Nxd7 Bxd7 27. Nf6 Bf5 28. Nh7 Rxf7 29. Be4 Bxe4 30. Kxe4 Rxh7 31. Ke5 Rf7 32. Ke6 Rg7 33. a4 g5 34. f5 h4 35. f6 Rh7 36. gxh4 gxh4 37. Rh1 Bf8 38. f7 h3 39. Kf6 Rh6+ 40. Kg5 h2 41. c4 Kd7 42. a5 Ke6 43. b5 cxb5 44. cxb5 Kxf7 45. a6 bxa6 46. bxa6 Rg6+ 47. Kf5 Bd6 48. a7 Rg8 49. Ra1 Ra8 50. Kg4 Ke6 51. Kh3 Rxa7 0-1


[Site "https://www.chess.com"]

[Event "Titled Tuesday Blitz December 27 Early 2022"]
[White "Herman, Daniel"]
[Black "Xiong, Jeffery"]
[WhiteFideId "30935008"]
[BlackFideId "2047640"]
[WhiteElo "1956"]
[BlackElo "2692"]
[Result "0-1"]
[Round "06"]
[TimeControl "180+2"]
[Date "2022.12.27"]
[WhiteClock "0:01:49"]
[BlackClock "0:02:41"]

1. c4 e6 2. g3 Nc6 3. Bg2 Rb8 4. Nc3 a6 5. d4 b5 6. c5 Bb7 7. Nf3 Nf6 8. O-O Na5 9. Bg5 Be7 10. Qc2 b4 11. Bxf6 Bxf6 12. Ne4 Be7 13. Neg5 0-1


[Site "https://www.chess.com"]

[Event "Titled Tuesday Blitz December 27 Early 2022"]
[White "Hsu, Li Yang"]
[Black "Jimenez Almeida, Luis David"]
[WhiteFideId "5800080"]
[BlackFideId "22242244"]
[WhiteElo "2427"]
[BlackElo "2242"]
[Result "1-0"]
[Round "06"]
[TimeControl "180+2"]
[Date "2022.12.27"]
[WhiteClock "0:00:08"]
[BlackClock "0:00:11"]

1. Nf3 g6 2. e4 Bg7 3. d4 c5 4. c3 cxd4 5. cxd4 d5 6. e5 Nc6 7. h3 Nh6 8. Nc3 O-O 9. Bb5 f6 10. O-O Nf7 11. exf6 Bxf6 12. Re1 Qd6 13. Be3 Bf5 14. Qd2 Nb4 15. Bf4 Qb6 16. Ba4 Rfd8 17. Ne5 Bxe5 18. Bxe5 Nd3 19. Bb3 Nxe1 20. Rxe1 Qc6 21. g4 Nxe5 22. Rxe5 Be6 23. Qe3 Rd6 24. f4 Rad8 25. f5 gxf5 26. gxf5 Bf7 27. Rxe7 Rf6 28. Qe5 Kh8 29. Rc7 Rg8+ 30. Kh2 Re8 31. Rxc6 Rxe5 32. Rxf6 Re2+ 33. Kg3 1-0


[Site "https://www.chess.com"]

[Event "Titled Tuesday Blitz December 27 Early 2022"]
[White "Itgelt, Khuyagtsogt"]
[Black "Jimenez, Joaquin"]
[WhiteFideId "4902912"]
[BlackFideId "109860"]
[WhiteElo "2261"]
[BlackElo "2195"]
[Result "1-0"]
[Round "06"]
[TimeControl "180+2"]
[Date "2022.12.27"]
[WhiteClock "0:01:08"]
[BlackClock "0:01:16"]

1. d4 Nf6 2. Nf3 g6 3. g3 Bg7 4. Bg2 O-O 5. O-O d6 6. c4 Nc6 7. Nc3 Bf5 8. Ne1 e5 9. d5 Ne7 10. e4 Bg4 11. f3 Bd7 12. Nd3 Nh5 13. c5 f5 14. Qb3 Rb8 15. Qa3 Nc8 16. Bd2 Nf6 17. Rac1 Rf7 18. b4 Bf8 19. b5 fxe4 20. fxe4 b6 21. c6 Be8 22. Bh3 Kg7 23. Be6 Re7 24. Rxf6 Kxf6 25. Rf1+ Kg7 26. Bg5 h6 27. Bf6+ Kh7 28. Nb4 Bg7 29. Bxg7 Kxg7 30. Na6 g5 31. Nxb8 Bg6 32. Nd7 Qe8 33. Qb2 Rxe6 34. dxe6 Qxe6 35. Qf2 Qe7 36. Nd5 Qd8 37. Nxc7 1-0


[Site "https://www.chess.com"]

[Event "Titled Tuesday Blitz December 27 Early 2022"]
[White "Janaszak, Dawid"]
[Black "Liyanage, Ranindu Dilshan"]
[WhiteFideId "1119206"]
[BlackFideId "9915834"]
[WhiteElo "2316"]
[BlackElo "2342"]
[Result "0-1"]
[Round "06"]
[TimeControl "180+2"]
[Date "2022.12.27"]
[WhiteClock "0:00:10"]
[BlackClock "0:00:40"]

1. e4 e6 2. d4 d5 3. Bd3 dxe4 4. Bxe4 Nf6 5. Bf3 c5 6. Ne2 Nc6 7. Be3 cxd4 8. Nxd4 Bd7 9. Nc3 Bb4 10. O-O O-O 11. Ne4 Nd5 12. Bg5 Qb6 13. Nxc6 Bxc6 14. c3 Be7 15. Qb3 Qc7 16. Rfd1 Rfd8 17. Bxe7 Nxe7 18. Ng5 h6 19. Bxc6 Nxc6 20. Nf3 e5 21. Qc4 Qe7 22. Re1 Qf6 23. Qe4 Re8 24. Rad1 Rad8 25. h3 Rxd1 26. Rxd1 Qe6 27. b3 Kh8 28. c4 f5 29. Qe3 Qf6 30. Rd7 e4 31. Nd4 f4 32. Qc3 e3 33. Ne2 Qxc3 34. Nxc3 e2 35. Nxe2 Rxe2 36. Rxb7 Rxa2 37. b4 Nd4 38. c5 Rb2 39. Rxa7 Rxb4 40. Rf7 Rc4 41. Kh2 g5 42. Rc7 Ne6 43. Rc6 Nxc5 44. Rxh6+ Kg7 45. Rc6 Rc3 46. g3 Ne4 47. Re6 Nxf2 48. gxf4 gxf4 49. Kg2 Nxh3 50. Ra6 Rg3+ 51. Kh2 Ng5 52. Ra7+ Kg6 53. Ra6+ Kh5 54. Ra1 Kg4 55. Rf1 f3 56. Kh1 Ne4 57. Kh2 Rg2+ 0-1


[Site "https://www.chess.com"]

[Event "Titled Tuesday Blitz December 27 Early 2022"]
[White "Jenkins, Drake"]
[Black "Estrada Nieto, Julian"]
[WhiteFideId "2022397"]
[BlackFideId "5101018"]
[WhiteElo "2130"]
[BlackElo "2215"]
[Result "0-1"]
[Round "06"]
[TimeControl "180+2"]
[Date "2022.12.27"]
[WhiteClock "0:00:01"]
[BlackClock "0:00:03"]

1. Nf3 d5 2. c4 d4 3. b4 c5 4. b5 g6 5. d3 Bg7 6. g3 e5 7. Bg2 Ne7 8. O-O O-O 9. a4 a5 10. bxa6 Nxa6 11. Na3 Nb4 12. Nb5 h6 13. Bd2 Nec6 14. Ne1 Be6 15. Nc2 Nxc2 16. Qxc2 Qd7 17. Rfb1 Ra6 18. f4 Bg4 19. fxe5 Nxe5 20. Bf4 g5 21. Bxe5 Bxe5 22. Na3 Qxa4 23. Qd2 Qa5 24. Qc2 Bc8 25. Bxb7 Bxb7 26. Rxb7 Rfa8 27. Rbb1 Qc3 28. Qxc3 dxc3 29. Nc2 Rxa1 30. Rxa1 Rb8 31. Kf2 Rb2 32. Rc1 f5 33. e3 f4 34. gxf4 gxf4 35. h3 Kf7 36. Ke2 Ke6 37. d4 Bd6 38. exf4 Kf5 39. Kd3 Bxf4 40. Rf1 Ra2 41. dxc5 Ra8 42. Kxc3 Rc8 43. c6 Ke4 44. Re1+ Kf3 45. Nb4 Bg3 46. Re6 Bf2 0-1


[Site "https://www.chess.com"]

[Event "Titled Tuesday Blitz December 27 Early 2022"]
[White "Jiganchine, Roman"]
[Black "Barbashin, Igor"]
[WhiteFideId "2603667"]
[BlackFideId "4155718"]
[WhiteElo "2205"]
[BlackElo "2169"]
[Result "0-1"]
[Round "06"]
[TimeControl "180+2"]
[Date "2022.12.27"]
[WhiteClock "0:00:08"]
[BlackClock "0:00:21"]

1. e4 d5 2. exd5 Nf6 3. c4 c6 4. d4 cxd5 5. Nc3 g6 6. Qb3 Bg7 7. cxd5 O-O 8. Be2 Nbd7 9. Bf3 Nb6 10. Nge2 Bg4 11. Bxg4 Nxg4 12. O-O Qd6 13. Bf4 Qd7 14. a4 Nf6 15. d6 exd6 16. a5 Nc8 17. Qb4 Nh5 18. Be3 Ne7 19. a6 Rfb8 20. Rfb1 bxa6 21. Qa3 Nf5 22. Qxa6 Nxe3 23. fxe3 Re8 24. Nd5 Rac8 25. Nec3 Bh6 26. Qxa7 Qe6 27. Re1 Rxc3 28. Nxc3 Bxe3+ 29. Kh1 Qg4 30. Nd5 Ng3+ 31. hxg3 Qh5# 0-1


[Site "https://www.chess.com"]

[Event "Titled Tuesday Blitz December 27 Early 2022"]
[White "Kabanov, Nikolai"]
[Black "Prieto Aranguren, Alain"]
[WhiteFideId "4127820"]
[BlackFideId "2268906"]
[WhiteElo "2429"]
[BlackElo "2258"]
[Result "0-1"]
[Round "06"]
[TimeControl "180+2"]
[Date "2022.12.27"]
[WhiteClock "0:00:02"]
[BlackClock "0:00:25"]

1. e4 c6 2. d4 d5 3. exd5 cxd5 4. Nf3 Nc6 5. Ne5 Qb6 6. Nc3 Nf6 7. Bb5 Bd7 8. Nxd7 Kxd7 9. O-O e6 10. Bf4 Bb4 11. a4 a6 12. Bd3 Qxd4 13. Ne2 Qa7 14. c3 Bc5 15. b4 Bd6 16. b5 Ne5 17. Nd4 Nxd3 18. Bxd6 Nb2 19. Qb3 Kxd6 20. Qxb2 Qc5 21. Rfe1 Ne4 22. Re3 axb5 23. Nxb5+ Ke7 24. Nd4 Rhc8 25. Qxb7+ Kf8 26. Rf3 Nf6 27. a5 Rab8 28. Qa6 e5 29. Nf5 e4 30. Rg3 Ra8 31. Qd6+ Qxd6 32. Nxd6 Rc5 33. a6 Rc6 34. Nf5 Rcxa6 35. Rxa6 Rxa6 36. h3 g6 37. Nd4 Ra3 38. Re3 Ke7 39. f3 h5 40. g4 hxg4 41. hxg4 g5 42. Nf5+ Ke6 43. Ng3 Ke5 44. fxe4 Kf4 0-1


[Site "https://www.chess.com"]

[Event "Titled Tuesday Blitz December 27 Early 2022"]
[White "Kazancev, Valerij M"]
[Black "Mills, Morgen"]
[WhiteFideId "4179609"]
[BlackFideId "2013304"]
[WhiteElo "2313"]
[BlackElo "2009"]
[Result "1-0"]
[Round "06"]
[TimeControl "180+2"]
[Date "2022.12.27"]
[WhiteClock "0:00:35"]
[BlackClock "0:00:12"]

1. c4 e6 2. Nf3 d5 3. g3 Nf6 4. Bg2 Be7 5. O-O O-O 6. b3 c5 7. e3 Nc6 8. Bb2 b6 9. Qe2 Bb7 10. Rd1 dxc4 11. bxc4 Na5 12. d3 Qc7 13. Nc3 Rad8 14. Rac1 Qc8 15. h3 h6 16. e4 Qa8 17. Ne5 Nc6 18. f4 Nd7 19. Nf3 Nd4 20. Nxd4 cxd4 21. Nb5 e5 22. Kh1 Bc5 23. Nc7 Qc8 24. Nd5 Bxd5 25. cxd5 Qa6 26. Bf3 Rfe8 27. Bg4 Nf8 28. Rc4 Qxa2 29. Ra1 Qb3 30. Rxa7 Ra8 31. Rxa8 Rxa8 32. fxe5 Ra2 33. Rc2 Ba3 34. e6 Rxb2 35. Rxb2 Bxb2 36. e7 Qb5 37. d6 Ng6 38. d7 1-0


[Site "https://www.chess.com"]

[Event "Titled Tuesday Blitz December 27 Early 2022"]
[White "Kho, Darrell"]
[Black "Haraguchi, Diego Sashaki"]
[WhiteFideId "1019317"]
[BlackFideId "22729925"]
[WhiteElo "2075"]
[BlackElo "2015"]
[Result "0-1"]
[Round "06"]
[TimeControl "180+2"]
[Date "2022.12.27"]
[WhiteClock "0:00:14"]
[BlackClock "0:00:32"]

1. e4 c5 2. Nf3 d6 3. Bb5+ Nd7 4. O-O Nf6 5. Re1 g6 6. c3 Bg7 7. d4 O-O 8. h3 e5 9. Bg5 Qb6 10. Qb3 cxd4 11. cxd4 exd4 12. Nbd2 Nc5 13. Nc4 Nxb3 14. Nxb6 Nxa1 15. Nxa8 Nc2 16. Rc1 Nb4 17. Nc7 a6 18. Bc4 Nxe4 19. Be7 d3 20. Bxf8 Bxf8 21. a3 d5 22. Nxd5 Nxd5 23. Bxd5 Nf6 24. Rxc8 Nxd5 25. Rd8 Nf4 26. g3 Ne2+ 27. Kf1 Nc1 28. Ke1 Kg7 29. Kd1 Nb3 30. Rxd3 Nc5 31. Rd8 Be7 32. Re8 Bf6 33. Kc2 Ne6 34. Rb8 Nc5 35. b4 Ne4 36. Rxb7 Nxf2 37. Ra7 Nxh3 38. Rxa6 h5 39. Rc6 Nf2 40. Rc7 Ne4 41. b5 Nxg3 42. b6 h4 43. b7 Nf5 44. b8=Q g5 45. Rc8 Nh6 46. Rh8 Kg6 47. Qf8 Ng4 48. Qg8+ Kf5 49. Nxg5 Bxg5 50. Qxf7+ Bf6 51. Qh5+ Kf4 52. Rf8 Kg3 53. Rxf6 Nxf6 54. a4 Nxh5 55. a5 Nf6 56. a6 Nd7 57. a7 Nb6 0-1


[Site "https://www.chess.com"]

[Event "Titled Tuesday Blitz December 27 Early 2022"]
[White "Khoroshev, Nikita"]
[Black "Kahlert, Thomas"]
[WhiteFideId "14200287"]
[BlackFideId "4625242"]
[WhiteElo "2336"]
[BlackElo "2144"]
[Result "1/2-1/2"]
[Round "06"]
[TimeControl "180+2"]
[Date "2022.12.27"]
[WhiteClock "0:01:00"]
[BlackClock "0:01:21"]

1. e4 e5 2. Nf3 Nc6 3. Bb5 a6 4. Ba4 Nf6 5. O-O Be7 6. Re1 b5 7. Bb3 d6 8. c3 O-O 9. a4 Bd7 10. d4 h6 11. h3 Re8 12. Nbd2 Bf8 13. Bc2 exd4 14. cxd4 Nb4 15. Bb1 c5 16. Nf1 g6 17. Ng3 Bg7 18. Bf4 Bc6 19. e5 dxe5 20. dxe5 Qxd1 21. Rxd1 Nfd5 22. Bd2 bxa4 23. Ne4 Bxe5 24. Nxe5 Rxe5 25. Nxc5 Rae8 26. Bxb4 Nxb4 27. Nd3 Nxd3 28. Bxd3 Bb5 29. Kh2 Rd8 30. Bxb5 Rxd1 31. Rxd1 axb5 32. Rd8+ Kg7 33. Rb8 Re2 34. Rxb5 Rxf2 35. Rb4 Rd2 36. Rxa4 Rxb2 37. Ra6 h5 1/2-1/2


[Site "https://www.chess.com"]

[Event "Titled Tuesday Blitz December 27 Early 2022"]
[White "Kilic, Eray"]
[Black "Mathieu, Phileas"]
[WhiteFideId "44517173"]
[BlackFideId "36048410"]
[WhiteElo "2414"]
[BlackElo "2374"]
[Result "1-0"]
[Round "06"]
[TimeControl "180+2"]
[Date "2022.12.27"]
[WhiteClock "0:00:12"]
[BlackClock "0:00:08"]

1. e4 c5 2. Nf3 e6 3. d4 cxd4 4. Nxd4 Nc6 5. Nc3 a6 6. g3 Qc7 7. Bg2 Bc5 8. Nb3 Be7 9. O-O b5 10. Re1 Bb7 11. Nd5 exd5 12. exd5 Kf8 13. Bf4 d6 14. dxc6 Bxc6 15. Bxc6 Qxc6 16. Nd4 Qd5 17. c3 g5 18. Bd2 Rc8 19. Qh5 h6 20. Qh3 Rc7 21. Rad1 Nf6 22. Nf5 Qf3 23. Bxg5 Ng4 24. Bxe7+ Rxe7 25. Nxe7 Qxf2+ 26. Kh1 Qf3+ 27. Kg1 Qf2+ 28. Kh1 Qf3+ 29. Qg2 Nf2+ 30. Kg1 Qxg2+ 31. Kxg2 Nxd1 32. Nf5 Nxb2 33. Nxd6 Kg7 34. Re7 Rd8 35. Nxf7 Rd3 36. Ne5+ Kf6 37. Nxd3 Nxd3 38. Ra7 Nc5 39. h4 Ke5 40. Kh3 Na4 41. g4 Nxc3 42. Rxa6 Kf4 43. Ra3 b4 44. Rb3 Nd5 45. Rb1 Kf3 46. Rf1+ Ke2 47. Rf8 Ke3 48. g5 hxg5 49. hxg5 b3 50. axb3 Ne7 51. Re8 Kf4 52. Rxe7 Kxg5 53. Rf7 Kg6 54. Rf1 Kg5 55. b4 Kh5 56. b5 Kg5 57. b6 1-0


[Site "https://www.chess.com"]

[Event "Titled Tuesday Blitz December 27 Early 2022"]
[White "Koridze, Lile"]
[Black "Serpi, Andrea"]
[WhiteFideId "13612514"]
[BlackFideId "2847499"]
[WhiteElo "2191"]
[BlackElo "2191"]
[Result "0-1"]
[Round "06"]
[TimeControl "180+2"]
[Date "2022.12.27"]
[WhiteClock "0:00:25"]
[BlackClock "0:00:04"]

1. d4 Nf6 2. c4 g6 3. Nc3 d5 4. Nf3 Bg7 5. Bg5 Ne4 6. cxd5 Nxg5 7. Nxg5 e6 8. Qd2 h6 9. Nf3 exd5 10. e3 O-O 11. h3 c6 12. Bd3 Be6 13. O-O Nd7 14. b4 Qe7 15. Rab1 a6 16. a4 Rfe8 17. b5 axb5 18. axb5 c5 19. dxc5 Nxc5 20. Bc2 Rec8 21. Nxd5 Qd8 22. Rfd1 Ra2 23. e4 Nxe4 24. Qd3 Rcxc2 25. Qxe4 Rxf2 26. Nc3 Rxg2+ 27. Kh1 Qc7 28. Nxa2 Rxa2 29. Rbc1 Qg3 30. Rd2 Qxh3+ 31. Kg1 Qg3+ 32. Kf1 Bh3+ 33. Ke2 Qg2+ 34. Ke3 Rxd2 35. Nxd2 Qg3+ 36. Qf3 Qe5+ 37. Kf2 Bf5 38. Nc4 Qd4+ 39. Qe3 Qh4+ 40. Ke2 Bd4 41. Qe8+ Kg7 42. Rf1 Qh2+ 43. Kf3 Qh3+ 44. Ke2 Qg2+ 45. Ke1 Bc3+ 46. Kd1 Qc2# 0-1


[Site "https://www.chess.com"]

[Event "Titled Tuesday Blitz December 27 Early 2022"]
[White "Kowalczyk, Pawel"]
[Black "Gnechko, Ruslan"]
[WhiteFideId "1130641"]
[BlackFideId "14135868"]
[WhiteElo "2332"]
[BlackElo "2132"]
[Result "0-1"]
[Round "06"]
[TimeControl "180+2"]
[Date "2022.12.27"]
[WhiteClock "0:01:42"]
[BlackClock "0:00:43"]

1. e4 c5 2. Ne2 g6 3. g3 Bg7 4. Bg2 Nc6 5. O-O e6 6. c3 Nge7 7. d4 cxd4 8. cxd4 d5 9. e5 O-O 10. Nbc3 b6 11. h4 h5 12. Bg5 Ba6 13. Re1 Rc8 14. Qd2 Na5 15. b3 Qd7 16. Bxe7 Qxe7 17. Nf4 Kh7 18. Rac1 Bh6 19. Bf1 Bxf1 20. Kxf1 Rc6 21. Nce2 Rfc8 22. Rxc6 Rxc6 23. Rc1 Qc7 24. Rxc6 Qxc6 25. Qb4 Kg8 26. Qe7 Qb7 27. Qe8+ Kg7 28. Kg2 Nc6 29. Nh3 Ne7 30. Ng5 Bxg5 31. hxg5 Nf5 32. Qd8 Qa6 33. Nf4 Nxd4 34. Qf6+ Kg8 35. Nxg6 fxg6 36. Qxg6+ Kf8 37. Qf6+ Ke8 38. g6 Qe2 39. Qf7+ Kd8 40. g7 Qe4+ 41. f3 Qe2+ 42. Kh3 Qf1+ 43. Kh4 Nxf3+ 44. Kxh5 Qh3+ 45. Kg6 Nxe5+ 46. Kf6 Qf5# 0-1


[Site "https://www.chess.com"]

[Event "Titled Tuesday Blitz December 27 Early 2022"]
[White "Kravtsiv, Martyn"]
[Black "Turzo, Attila"]
[WhiteFideId "14113147"]
[BlackFideId "704954"]
[WhiteElo "2598"]
[BlackElo "2279"]
[Result "0-1"]
[Round "06"]
[TimeControl "180+2"]
[Date "2022.12.27"]
[WhiteClock "0:00:03"]
[BlackClock "0:00:04"]

1. b3 d5 2. Bb2 e6 3. Nf3 Nf6 4. c4 Be7 5. e3 O-O 6. Be2 c5 7. O-O b6 8. cxd5 Nxd5 9. d4 Bb7 10. dxc5 Bxc5 11. Nbd2 Nd7 12. Ne4 Be7 13. Rc1 Rc8 14. Qd4 N7f6 15. g4 Nf4 16. exf4 Qxd4 17. Nxd4 Bxe4 18. Ba6 Rxc1 19. Rxc1 Bd6 20. f3 Bd5 21. f5 e5 22. Nb5 Bc5+ 23. Kg2 Nxg4 24. Kg3 Ne3 25. Bxe5 Nxf5+ 26. Kg4 Ne3+ 27. Kg3 f6 28. Bf4 g5 29. Bxe3 Bxe3 30. Rd1 Bf4+ 31. Kf2 Be6 32. Nxa7 Ra8 33. Bc8 Bxc8 34. Rd8+ Kg7 35. Nxc8 Rxa2+ 36. Kf1 Rxh2 37. Nxb6 Rb2 38. Rd7+ Kg6 39. Nd5 Rxb3 40. Ne7+ Kh5 41. Nd5 h6 42. Kg2 Rb2+ 43. Kf1 Rb1+ 44. Kg2 Rb2+ 45. Kf1 Kh4 46. Nxf6 Kg3 47. Rd3 Rb1+ 48. Ke2 Kg2 49. Nh5 Rb2+ 50. Ke1 Rb1+ 51. Ke2 Rb2+ 52. Kd1 Rf2 53. Rb3 Rf1+ 54. Ke2 Rf2+ 55. Ke1 Rf1+ 56. Ke2 Rf2+ 57. Ke1 Rxf3 58. Rb6 Kg1 59. Rxh6 Rh3 60. Ke2 g4 61. Rh7 g3 62. Rf7 Rxh5 63. Rxf4 Kg2 64. Re4 Rh8 65. Re3 Rf8 66. Ke1 Kh2 67. Re7 g2 68. Rh7+ Kg1 69. Ke2 Re8+ 70. Kf3 Kf1 71. Rb7 g1=Q 72. Rb1+ Re1 73. Rxe1+ Kxe1 0-1


[Site "https://www.chess.com"]

[Event "Titled Tuesday Blitz December 27 Early 2022"]
[White "Kvaloy, Aksel Bu"]
[Black "Tworuszka, Michal"]
[WhiteFideId "1528815"]
[BlackFideId "1117858"]
[WhiteElo "2321"]
[BlackElo "2260"]
[Result "1-0"]
[Round "06"]
[TimeControl "180+2"]
[Date "2022.12.27"]
[WhiteClock "0:01:02"]
[BlackClock "0:00:02"]

1. d4 Nf6 2. c4 e6 3. g3 d5 4. Nf3 Bb4+ 5. Bd2 Be7 6. Bg2 O-O 7. O-O c6 8. Qc2 Nbd7 9. Bf4 b6 10. Nbd2 Bb7 11. e4 Rc8 12. Rac1 Nh5 13. Be3 Nhf6 14. e5 Ne8 15. h4 h6 16. Qb1 Ba6 17. Rfd1 Nc7 18. b3 b5 19. cxd5 cxd5 20. Qb2 b4 21. Nb1 Nb5 22. Bd2 Qb6 23. Bf1 f6 24. exf6 Bxf6 25. Be3 Be7 26. Bg2 Qa5 27. Qd2 Nc3 28. Nxc3 Rxc3 29. Ne5 Nxe5 30. dxe5 Rfc8 31. Bh3 Kf7 32. Bxh6 Rd3 33. Qf4+ Kg6 34. Rxd3 Rxc1+ 35. Qxc1 Bxd3 36. Bf4 Bf5 37. g4 Be4 38. h5+ Kf7 39. g5 1-0


[Site "https://www.chess.com"]

[Event "Titled Tuesday Blitz December 27 Early 2022"]
[White "Lehtosaari, Mauri"]
[Black "Vasques, Antonio Pedro Freixial"]
[WhiteFideId "501999"]
[BlackFideId "1908332"]
[WhiteElo "2176"]
[BlackElo "2214"]
[Result "1-0"]
[Round "06"]
[TimeControl "180+2"]
[Date "2022.12.27"]
[WhiteClock "0:01:00"]
[BlackClock "0:00:11"]

1. d4 Nf6 2. Nf3 g6 3. c4 Bg7 4. e3 O-O 5. Be2 c6 6. O-O d5 7. Nc3 Bf5 8. cxd5 cxd5 9. Qb3 Nc6 10. Bd2 a6 11. Na4 Na5 12. Bxa5 Qxa5 13. Nc5 b5 14. Rfc1 Rac8 15. a4 b4 16. Bxa6 Rxc5 17. dxc5 Qxa6 18. Qxb4 Ne4 19. Nd4 e5 20. Nxf5 gxf5 21. c6 d4 22. exd4 exd4 23. c7 Rc8 24. Qe7 Qe6 25. Qxe6 fxe6 26. a5 Be5 27. a6 Nd2 28. a7 Nb3 29. a8=Q 1-0


[Site "https://www.chess.com"]

[Event "Titled Tuesday Blitz December 27 Early 2022"]
[White "Lenderman, Aleksandr"]
[Black "Atakishiyev, Elmar"]
[WhiteFideId "2021285"]
[BlackFideId "13410547"]
[WhiteElo "2572"]
[BlackElo "2363"]
[Result "1-0"]
[Round "06"]
[TimeControl "180+2"]
[Date "2022.12.27"]
[WhiteClock "0:01:24"]
[BlackClock "0:00:57"]

1. Nf3 Nf6 2. c4 g6 3. Nc3 Bg7 4. e4 d6 5. d4 O-O 6. Be2 e5 7. O-O Nc6 8. Be3 Ng4 9. Bg5 f6 10. Bc1 Nh6 11. dxe5 fxe5 12. Bg5 Qe8 13. Nd5 Qf7 14. h3 Be6 15. Qd2 Nf5 16. exf5 gxf5 17. Bh6 f4 18. Bxg7 Qxg7 19. Kh1 e4 20. Nh2 Qe5 21. Nxc7 f3 22. gxf3 Bxh3 23. Rg1+ Kh8 24. Nxa8 Nd4 25. Qg5 Nxe2 26. Qxe5+ dxe5 27. Nc7 Nxg1 28. Rxg1 exf3 29. Rg3 Bg2+ 30. Kg1 e4 31. Nd5 Rc8 32. Ne3 b5 33. Nxg2 1-0


[Site "https://www.chess.com"]

[Event "Titled Tuesday Blitz December 27 Early 2022"]
[White "Lorenzo De La Riva, Lazaro"]
[Black "Pinheiro, Iung Alicio de O."]
[WhiteFideId "2268809"]
[BlackFideId "2104350"]
[WhiteElo "2404"]
[BlackElo "2306"]
[Result "1-0"]
[Round "06"]
[TimeControl "180+2"]
[Date "2022.12.27"]
[WhiteClock "0:00:28"]
[BlackClock "0:00:10"]

1. b3 d5 2. Bb2 Bg4 3. f3 Bf5 4. e4 Bg6 5. exd5 Qxd5 6. Nc3 Qd6 7. Ne4 Qb6 8. Nh3 f6 9. d4 e5 10. dxe5 fxe5 11. Qe2 Bb4+ 12. c3 Be7 13. O-O-O Nd7 14. Nhf2 O-O-O 15. h4 h6 16. Kb1 Ngf6 17. Ka1 Nc5 18. Nxc5 Bxc5 19. Nd3 Bd6 20. Nf2 Rhe8 21. Ne4 Nxe4 22. fxe4 Kb8 23. g3 a5 24. Bg2 a4 25. b4 Rf8 26. Rhf1 Bf7 27. a3 Bb3 28. Rc1 Qc6 29. c4 b6 30. Rf5 g6 31. Rff1 Rxf1 32. Bxf1 Rf8 33. Bh3 Rf2 34. Qxf2 Bxc4 35. Bf1 b5 36. Bxc4 bxc4 37. Qc2 1-0


[Site "https://www.chess.com"]

[Event "Titled Tuesday Blitz December 27 Early 2022"]
[White "Magallanes, Rey Jomar"]
[Black "De Souza, Cristiano Gomes"]
[WhiteFideId "5205948"]
[BlackFideId "2151758"]
[WhiteElo "2052"]
[BlackElo "2018"]
[Result "1/2-1/2"]
[Round "06"]
[TimeControl "180+2"]
[Date "2022.12.27"]
[WhiteClock "0:00:51"]
[BlackClock "0:01:44"]

1. e4 c5 2. Nf3 d6 3. d4 cxd4 4. Nxd4 Nf6 5. Nc3 g6 6. Be3 Bg7 7. h3 O-O 8. Bc4 Nc6 9. Bb3 Bd7 10. O-O a5 11. a4 Nb4 12. f4 Bc6 13. e5 dxe5 14. fxe5 Ne8 15. e6 f5 16. Nxc6 bxc6 17. Qd7 Nf6 18. Qxd8 Rfxd8 19. Rad1 Nfd5 20. Nxd5 Nxd5 21. Bxd5 Rxd5 22. Rxd5 cxd5 23. c3 Rb8 24. Rf2 Rd8 25. Bb6 Rd6 26. Bc5 Rxe6 27. Rd2 Re1+ 28. Kf2 Re4 29. Rxd5 Rxa4 30. Bxe7 Ra2 31. Bc5 Rxb2+ 32. Ke3 Bxc3 33. Rd8+ Kf7 34. Rd7+ Ke6 35. Rxh7 a4 36. Ra7 Rb3 37. Ke2 Rb2+ 38. Kd3 Be5 39. Rxa4 Rxg2 40. Ra6+ Kf7 41. Ra7+ Kg8 42. Ra8+ Kh7 43. Ra7+ Kh6 44. Be3+ f4 45. Bd2 Rg3+ 46. Ke4 Bd6 47. Ra6 Bc7 48. Rc6 Bb8 49. Rc8 Bd6 50. Rc6 Bb8 51. Rc8 Bd6 52. Rc6 Bb8 1/2-1/2


[Site "https://www.chess.com"]

[Event "Titled Tuesday Blitz December 27 Early 2022"]
[White "Mahdavi, Reza"]
[Black "Koutlas, Nikolaos"]
[WhiteFideId "12595926"]
[BlackFideId "25827138"]
[WhiteElo "2339"]
[BlackElo "2341"]
[Result "1-0"]
[Round "06"]
[TimeControl "180+2"]
[Date "2022.12.27"]
[WhiteClock "0:01:18"]
[BlackClock "0:00:12"]

1. e4 c5 2. Nf3 Nc6 3. Bb5 Qb6 4. Nc3 e6 5. Bxc6 Qxc6 6. d4 cxd4 7. Nxd4 Qc7 8. O-O a6 9. Bg5 Nf6 10. Re1 Bd6 11. g3 Bc5 12. e5 Ng8 13. Ne4 Ne7 14. Nb3 Ba7 15. Nd6+ Kf8 16. Bxe7+ Kxe7 17. Qh5 Qxc2 18. Qxf7+ Kd8 19. Rac1 Qxb2 20. Red1 Qxa2 21. Nxb7+ Bxb7 22. Qxd7# 1-0


[Site "https://www.chess.com"]